SL
BROOKLYN DODGERS @ CHICAGO HAWKS
08/02/2023
 
TOP OF THE 1ST
Brooklyn Dodgers batting - Pitching for Chicago Hawks : RHP Benny York
Pitching: RHP Benny York
Batting: RHB Juan Martínez 0-0: Ball
1-0: Swinging Strike
1-1: Swinging Strike
1-2: Foul Ball, location: 2F
1-2: Ball
2-2: Ball
3-2: Foul Ball, location: 2F
3-2: Ground out 4-3 (Groundball, 4)
Batting: RHB Vincent Crane 0-0: Called Strike
0-1: Ball
1-1: Fly out, F3 (Popup, 3SF)
Batting: RHB Oliver Aranda 0-0: Ball
1-0: Ball
2-0: SINGLE (Line Drive, 8RS)
Batting: LHB Ron Bascombe 0-0: Fly out, F8 (Flyball, 8RM)
Top of the 1st over - 0 run(s), 1 hit(s), 0 error(s), 1 left on base; Brooklyn 0 - Chicago 0
BOTTOM OF THE 1ST
Chicago Hawks batting - Pitching for Brooklyn Dodgers : RHP Huai-yu Kan
Pitching: RHP Huai-yu Kan
Batting: RHB Ludwig Kluge 0-0: Swinging Strike
0-1: Called Strike
0-2: Strikes out looking
Batting: LHB Alfonso Núñez 0-0: Ground out 4-3 (Groundball, 34)
Batting: RHB Chandler Bailey 0-0: Ball
1-0: Fly out, F3 (Popup, 3DF)
Bottom of the 1st over - 0 run(s), 0 hit(s), 0 error(s), 0 left on base; Brooklyn 0 - Chicago 0
TOP OF THE 2ND
Brooklyn Dodgers batting - Pitching for Chicago Hawks : RHP Benny York
Batting: RHB Thom Wilcox 0-0: Ball
1-0: Ball
2-0: Called Strike
2-1: Ground out 5-3 (Groundball, 56S)
Batting: RHB Miguel Vidro 0-0: Swinging Strike
0-1: Ball
1-1: Fly out, F2 (Popup, 2L)
Batting: RHB Gustavo Mateo 0-0: Ball
1-0: Ball
2-0: SINGLE (Flyball, 9M)
Batting: RHB Pedro Torrez 0-0: Ball
1-0: Ball
2-0: Ball
Pickoff Throw to First - Out!
Top of the 2nd over - 0 run(s), 1 hit(s), 0 error(s), 0 left on base; Brooklyn 0 - Chicago 0
BOTTOM OF THE 2ND
Chicago Hawks batting - Pitching for Brooklyn Dodgers : RHP Huai-yu Kan
Batting: RHB Chris Smith 0-0: Ball
1-0: Ball
2-0: Called Strike
2-1: Swinging Strike
2-2: Foul Ball, location: 2F
2-2: Ball
3-2: Base on Balls
Batting: LHB Bill Griffin 0-0: Called Strike
0-1: Fly out, F6 (Popup, 5D)
Batting: RHB Yoshio Matsuo 0-0: Ball
1-0: Ball
2-0: Foul Ball, location: 2F
2-1: Foul Ball, location: 2F
2-2: Foul Ball, location: 2F
2-2: Ball
3-2: Grounds into double play, 4-6-3 (Groundball, 4)
Bottom of the 2nd over - 0 run(s), 0 hit(s), 0 error(s), 0 left on base; Brooklyn 0 - Chicago 0
TOP OF THE 3RD
Brooklyn Dodgers batting - Pitching for Chicago Hawks : RHP Benny York
Batting: RHB Pedro Torrez 0-0: Foul Ball, location: 2F
0-1: Ball
1-1: Called Strike
1-2: Ball
2-2: Foul Ball, location: 2F
2-2: Ball
3-2: SINGLE (Flyball, 6MD)
Batting: RHB José Herrera 0-0: Called Strike
0-1: SINGLE (Groundball, 34D)
Pedro Torrez to second
Runner from 2nd tries for 3rd, OUT!
Batting: RHB Juan Martínez 0-0: Ball
1-0: Foul Ball, location: 2F
1-1: Ball
2-1: Ground out 5-3 (Groundball, 56S)
José Herrera to second
Batting: RHB Vincent Crane 0-0: Foul Ball, location: 2F
0-1: Called Strike
0-2: Strikes out swinging
Top of the 3rd over - 0 run(s), 2 hit(s), 0 error(s), 1 left on base; Brooklyn 0 - Chicago 0
BOTTOM OF THE 3RD
Chicago Hawks batting - Pitching for Brooklyn Dodgers : RHP Huai-yu Kan
Batting: RHB Pedro Cruz 0-0: Ball
1-0: Foul Ball, location: 2F
1-1: Fly out, F8 (Flyball, 8RM)
Batting: LHB Johnny Hernández 0-0: Ball
1-0: Ball
2-0: Ball
3-0: Base on Balls
Batting: RHB Soseki Matsunaga 0-0: Ball
1-0: Ball
2-0: Called Strike
2-1: Fly out, F8 (Flyball, 89D)
Batting: RHB Ludwig Kluge 0-0: Ball
1-0: DOUBLE (Line Drive, 7LM)
Johnny Hernández to third
Runner from 3rd tries for Home, SAFE, no throw or cutoff
Batting: LHB Alfonso Núñez 0-0: Called Strike
0-1: Ball
1-1: Ball
2-1: Foul Ball, location: 2F
2-2: Foul Ball, location: 2F
2-2: Strikes out looking
Bottom of the 3rd over - 1 run(s), 1 hit(s), 0 error(s), 1 left on base; Brooklyn 0 - Chicago 1
TOP OF THE 4TH
Brooklyn Dodgers batting - Pitching for Chicago Hawks : RHP Benny York
Batting: RHB Oliver Aranda 0-0: Ball
1-0: Fly out, F7 (Flyball, 7M)
Batting: LHB Ron Bascombe 0-0: Called Strike
0-1: Called Strike
0-2: Foul Ball, location: 2F
0-2: Ground out 4-3 (Groundball, 4)
Batting: RHB Thom Wilcox 0-0: Fly out, F6 (Line Drive, 6D)
Top of the 4th over - 0 run(s), 0 hit(s), 0 error(s), 0 left on base; Brooklyn 0 - Chicago 1
BOTTOM OF THE 4TH
Chicago Hawks batting - Pitching for Brooklyn Dodgers : RHP Huai-yu Kan
Batting: RHB Chandler Bailey 0-0: Called Strike
0-1: Ball
1-1: Foul Ball, location: 2F
1-2: SINGLE (Groundball, 4MD)
Batting: RHB Chris Smith 0-0: Called Strike
0-1: Foul Ball, location: 2F
0-2: Foul Ball, location: 2F
0-2: SINGLE (Groundball, 5D)
Chandler Bailey to second
Batting: LHB Bill Griffin 0-0: Grounds out, U3 (Groundball, 3L)
Chandler Bailey to third
Batting: RHB Yoshio Matsuo 0-0: Called Strike
0-1: Ball
1-1: Ball
2-1: Ball
3-1: Base on Balls
Batting: RHB Pedro Cruz 0-0: Called Strike
0-1: Ball
1-1: Foul Ball, location: 2F
1-2: Foul Ball, location: 2F
1-2: Fly out, F9 (Flyball, 9M)
Runner from 3rd tags up, SCORES, throw made
Batting: LHB Johnny Hernández 0-0: Called Strike
0-1: Ball
1-1: Called Strike
1-2: DOUBLE (Line Drive, 9LM)
Chris Smith scores
Yoshio Matsuo to third
Batting: RHB Soseki Matsunaga 0-0: Called Strike
0-1: Ball
1-1: DOUBLE (Line Drive, 78M)
Yoshio Matsuo scores
Johnny Hernández scores
Batting: RHB Ludwig Kluge 0-0: Called Strike
0-1: Called Strike
0-2: Ground out 6-3 (Groundball, 6M)
Bottom of the 4th over - 4 run(s), 4 hit(s), 0 error(s), 1 left on base; Brooklyn 0 - Chicago 5
TOP OF THE 5TH
Brooklyn Dodgers batting - Pitching for Chicago Hawks : RHP Benny York
Batting: RHB Miguel Vidro 0-0: SOLO HOME RUN (Flyball, 7D), Distance : 365 ft
Batting: RHB Gustavo Mateo 0-0: Fly out, F8 (Flyball, 8LD)
Batting: RHB Pedro Torrez 0-0: Ground out 6-3 (Groundball, 6M)
Batting: RHB José Herrera 0-0: Ball
1-0: Ball
2-0: Ball
3-0: Called Strike
3-1: Called Strike
3-2: Strikes out looking
Top of the 5th over - 1 run(s), 1 hit(s), 0 error(s), 0 left on base; Brooklyn 1 - Chicago 5
BOTTOM OF THE 5TH
Chicago Hawks batting - Pitching for Brooklyn Dodgers : RHP Huai-yu Kan
Batting: LHB Alfonso Núñez 0-0: Called Strike
0-1: Called Strike
0-2: Ball
1-2: Ball
2-2: Fly out, F9 (Flyball, 89S)
Batting: RHB Chandler Bailey 0-0: Foul Ball, location: 2F
0-1: Swinging Strike
0-2: Ball
1-2: Ground out 1-3 (Groundball, 13S)
Batting: RHB Chris Smith 0-0: Foul Ball, location: 2F
0-1: Foul Ball, location: 2F
0-2: SOLO HOME RUN (Flyball, 78XD), Distance : 369 ft
Batting: LHB Bill Griffin 0-0: Ball
1-0: Ball
2-0: Ball
3-0: Base on Balls
Pitching: RHP Carlos Delgado
Batting: RHB Yoshio Matsuo 0-0: Called Strike
0-1: Foul Ball, location: 2F
0-2: Ball
1-2: Ball
2-2: Foul Ball, location: 2F
2-2: Foul Ball, location: 2F
2-2: Strikes out looking
Bottom of the 5th over - 1 run(s), 1 hit(s), 0 error(s), 1 left on base; Brooklyn 1 - Chicago 6
TOP OF THE 6TH
Brooklyn Dodgers batting - Pitching for Chicago Hawks : RHP Benny York
Batting: RHB Juan Martínez 0-0: Ball
1-0: Ball
2-0: SINGLE (Flyball, 9S)
Batting: RHB Vincent Crane 0-0: Ball
1-0: SINGLE (Groundball, 3D)
Juan Martínez to second
Runner from 2nd tries for 3rd, SAFE, no throw or cutoff
Batting: RHB Oliver Aranda 0-0: Ball
Vincent Crane steals 2nd base
1-0: Ball
2-0: Ball
3-0: Called Strike
3-1: Called Strike
3-2: Foul Ball, location: 2F
3-2: Strikes out looking
Batting: LHB Ron Bascombe 0-0: Ground out 4-3 (Groundball, 4)
Juan Martínez scores
Vincent Crane to third
Batting: RHB Thom Wilcox 0-0: Called Strike
0-1: Ground out 6-3 (Groundball, 6)
Top of the 6th over - 1 run(s), 2 hit(s), 0 error(s), 1 left on base; Brooklyn 2 - Chicago 6
BOTTOM OF THE 6TH
Chicago Hawks batting - Pitching for Brooklyn Dodgers : RHP Carlos Delgado
Batting: RHB Pedro Cruz 0-0: Ball
1-0: Ground out 4-3 (Groundball, 4)
Batting: LHB Johnny Hernández 0-0: Ball
1-0: Ball
2-0: Ball
3-0: Base on Balls
Batting: RHB Soseki Matsunaga 0-0: SINGLE (Groundball, 6M)
Johnny Hernández to second
Batting: RHB Ludwig Kluge 0-0: Called Strike
0-1: Ground out 5-3 (Groundball, 15S)
Johnny Hernández to third
Soseki Matsunaga to second
Batting: LHB Alfonso Núñez 0-0: Ball
1-0: Swinging Strike
1-1: Foul Ball, location: 2F
1-2: Ball
2-2: Strikes out swinging
Bottom of the 6th over - 0 run(s), 1 hit(s), 0 error(s), 2 left on base; Brooklyn 2 - Chicago 6
TOP OF THE 7TH
Brooklyn Dodgers batting - Pitching for Chicago Hawks : RHP Benny York
Batting: RHB Miguel Vidro 0-0: Ground out 6-3 (Groundball, 6)
Batting: RHB Gustavo Mateo 0-0: Foul Ball, location: 2F
0-1: Ball
1-1: SINGLE (Groundball, 25) (infield hit)
Batting: RHB Pedro Torrez 0-0: Ball
1-0: Swinging Strike
1-1: Ground out 5-3 (Groundball, 56S)
Gustavo Mateo to second
Batting: RHB José Herrera 0-0: Called Strike
0-1: Swinging Strike
0-2: Strikes out swinging
Top of the 7th over - 0 run(s), 1 hit(s), 0 error(s), 1 left on base; Brooklyn 2 - Chicago 6
BOTTOM OF THE 7TH
Chicago Hawks batting - Pitching for Brooklyn Dodgers : RHP Carlos Delgado
Batting: RHB Chandler Bailey 0-0: Fly out, F8 (Flyball, 8RM)
Batting: RHB Chris Smith 0-0: Ball
1-0: Swinging Strike
1-1: Foul Ball, location: 2F
1-2: Strikes out swinging
Batting: LHB Bill Griffin 0-0: Ball
1-0: Ball
2-0: Called Strike
2-1: Swinging Strike
2-2: Foul Ball, location: 2F
2-2: SINGLE (Line Drive, 6MD)
Batting: RHB Yoshio Matsuo 0-0: Called Strike
0-1: Swinging Strike
0-2: Ball
1-2: Fly out, F7 (Flyball, 78S)
Bottom of the 7th over - 0 run(s), 1 hit(s), 0 error(s), 1 left on base; Brooklyn 2 - Chicago 6
TOP OF THE 8TH
Brooklyn Dodgers batting - Pitching for Chicago Hawks : RHP Benny York
Batting: RHB Juan Martínez 0-0: Called Strike
0-1: Ground out 4-3 (Groundball, 4)
Batting: RHB Vincent Crane 0-0: Ball
1-0: Called Strike
1-1: Ball
2-1: Ground out 6-3 (Groundball, 6)
Batting: RHB Oliver Aranda 0-0: Ball
1-0: Ball
2-0: Called Strike
2-1: Foul Ball, location: 2F
2-2: Foul Ball, location: 2F
2-2: Foul Ball, location: 2F
2-2: Strikes out swinging
Top of the 8th over - 0 run(s), 0 hit(s), 0 error(s), 0 left on base; Brooklyn 2 - Chicago 6
BOTTOM OF THE 8TH
Chicago Hawks batting - Pitching for Brooklyn Dodgers : RHP Carlos Delgado
Batting: RHB Pedro Cruz 0-0: Ball
1-0: Ball
2-0: Foul Ball, location: 2F
2-1: SINGLE (Line Drive, 7LM)
Batting: LHB Johnny Hernández 0-0: Bunted foul
0-1: Bunted foul
0-2: SINGLE (Line Drive, 34)
Pedro Cruz to second
Batting: RHB Soseki Matsunaga 0-0: Bunt missed!
0-1: Reached on error, E1 (Groundball, 13)
Pedro Cruz to third
Johnny Hernández to second
Pitching: RHP John Dufour
Batting: RHB Ludwig Kluge 0-0: Ball
1-0: Ball
2-0: Ball
3-0: Base on Balls
Pedro Cruz scores
Johnny Hernández to third
Soseki Matsunaga to second
Batting: LHB Alfonso Núñez 0-0: Foul Ball, location: 2F
0-1: Fly out, F6 (Popup, 6D)
Batting: RHB Chandler Bailey 0-0: Ball
1-0: Ball
2-0: Ball
3-0: Called Strike
3-1: Grounds into double play, 6-4-3 (Groundball, 6D)
Bottom of the 8th over - 1 run(s), 2 hit(s), 1 error(s), 2 left on base; Brooklyn 2 - Chicago 7
TOP OF THE 9TH
Brooklyn Dodgers batting - Pitching for Chicago Hawks : RHP Benny York
Now in LF: Vern Forrest
Batting: LHB Ron Bascombe 0-0: Called Strike
0-1: Fly out, F3 (Popup, 3SF)
Batting: RHB Thom Wilcox 0-0: Ball
1-0: Called Strike
1-1: Foul Ball, location: 2F
1-2: Strikes out swinging
Batting: RHB Miguel Vidro 0-0: Called Strike
0-1: Ball
1-1: Ground out 3-1 (Groundball, 34S)
Top of the 9th over - 0 run(s), 0 hit(s), 0 error(s), 0 left on base; Brooklyn 2 - Chicago 7
This league is powered by Out of the Park Baseball, the baseball management simulation game for PC, Mac and Linux
Friday, July 8th, 2016 - OOTP Baseball 16.9 Build 39